 Seeded DCSS version 0.30-a0-800-g7c544603b3 (webtiles) character file.

Game seed: 8796237800415217726 (custom seed)

28 BigDaddyOpFi the Covered (level 3, 33/33 HPs)
             Began as an Armataur Fighter on Feb 20, 2023.
             Got out of the dungeon alive.
             The game lasted 00:02:32 (683 turns).

BigDaddyOpFi the Covered (Armataur Fighter)          Turns: 683, Time: 00:02:33

Health: 33/33      AC:  7    Str: 32    XL:     3   Next: 0%
Magic:  12/12      EV:  7    Int:  4    God:
Gold:   667        SH:  4    Dex:  9    Spells: 2/2 levels left

rFire   . . .      SeeInvis .    a - +0 war axe
rCold   . . .      Faith    .    c - +0 buckler
rNeg    . . .      Spirit   .    b - +0 scale mail
rPois   .          Reflect  .    (no helmet)
rElec   .          Harm     .    (no cloak)
rCorr   +          Roll     +    (no gloves)
Will    .....                    (no barding) Stlth
                                 (no amulet)
HPRegen 0.25/turn                i - ring of the Tempest {rCorr MP+9 Str+9 Int-4}
MPRegen 0.13/turn                (no ring)

@: studying Shields
A: large, rugged brown scales 3, deformed body, armoured tail, roll, long
tongue, awkward tongue
a: no special abilities


You escaped.
You visited 1 branch of the dungeon, and saw 2 of its levels.

You collected 667 gold pieces.

Inventory:

Hand Weapons
 a - a +0 war axe (weapon)
Armour
 b - a +0 scale mail (worn)
 c - a +0 buckler (worn)
Jewellery
 i - the ring of the Tempest (left hand) {rCorr MP+9 Str+9 Int-4}
   (You acquired it on level 1 of the Dungeon)

   [ring of magical power]

   Str:       It affects your strength (+9).
   Int:       It affects your intelligence (-4).
   MP:        It affects your magic capacity (+9).
   rCorr:     It protects you from acid and corrosion.
 l - an amulet of regeneration
Scrolls
 j - a scroll of teleportation {unknown}
 n - a scroll of identify {unknown}
 o - a scroll of noise {unknown}
 q - a scroll of magic mapping {unknown}
Potions
 d - a potion of might
 e - a potion of curing {unknown}
 f - a potion of attraction {unknown}
 g - 2 potions of berserk rage {unknown}
 h - a potion of magic {unknown}
 k - a potion of lignification {unknown}
 m - a potion of invisibility {unknown}
 p - a potion of mutation {unknown}


   Skills:
 + Level 3.0 Fighting
 + Level 2.0 Axes
 + Level 4.0 Armour
 + Level 4.0 Shields


You had 2 spell levels left.
You didn't know any spells.
Your spell library was empty.

Dungeon Overview and Level Annotations

Branches:
Dungeon (2/15)

Altars:

Shops:
D:1 :


Innate Abilities, Weirdness & Mutations

You are completely covered in rugged brown scales. (AC +3, +7% HP)
Armour fits poorly on your strangely shaped body.
You have a long armoured tail.
You roll when moving toward enemies. (Rampage)
Your long tongue fully drains potion bottles. (2x potion effects)
Your tongue gives you trouble enunciating. (1.5x scroll delay)


Message History

You slash the worm!
Your tail-slap misses the worm.
The worm is severely wounded.
The worm closely misses you.
You slash the worm!
You kill the worm!
Your Axes skill increases to level 2!
Your Shields skill increases to level 4!
You have reached level 3!
Your experience leads to an increase in your attributes!
Your base attributes are Str 21, Int 8, Dex 9.
Increase (S)trength, (I)ntelligence, or (D)exterity?
You feel stronger. x2
Welcome back, BigDaddyOpFi the Armataur Fighter.
Game seed: 8796237800415217726 (custom seed) Press ? for a list of commands and other information.
q - a scroll labelled CIWEOFEANI
Things that are here:
a +0 dagger; a goblin corpse What are your orders? t - Shout!
Orders for allies: a - Attack new target. r - Retreat! s - Stop attacking. g - Guard the area. f - Follow me.
Anything else - Cancel.
Okay, then.
Welcome back, BigDaddyOpFi the Armataur Fighter.
Game seed: 8796237800415217726 (custom seed) Press ? for a list of commands and other information.
Nothing quivered!
(D) Dungeon
Where to? (? - help)
Things that are here:
a +0 dagger; a goblin corpse
There is an open door here.
There is a stone staircase leading up here.
You climb upwards.
There is a stone staircase leading down here.
There is a staircase leading out of the dungeon here.
Are you sure you want to leave the Dungeon?
This will make you lose the game!
You have escaped!

.........# ###############
.........# #####............)#
.........####.......#.........#
.............)♣♣♣♣♣...........#
.........##...♣♣♣♣♣.♣.........#
.........>.♣♣.♣∩∩∩.♣♣♣.>[>....###
...........♣♣∩.....∩♣♣...........
..........♣♣∩..♣♣♣..∩♣♣..........
####.####.♣♣∩...@...∩♣♣.#.....###
.###.# #.♣♣∩..♣♣♣..∩♣♣...(####
..##.####..♣♣∩.....∩♣♣..#..#
.........⌠.♣♣♣♣∩.∩♣♣♣♣.>#..#
...#.####.#.♣♣♣♣.♣♣♣♣.###..# #
##........##..♣♣.♣♣..## ##.# ###
##...#######.......## #.# #..
##..).########..#..# #.####.#
##...#.......###...## #.#....#


There were no monsters in sight!

Vanquished Creatures
  An adder (D:2)
  A worm (D:2)
  3 endoplasms
  A giant cockroach (D:2)
  A hobgoblin (D:1)
  2 ball pythons (D:1)
  2 bats (D:1)
  2 goblins
  A kobold (D:1)
  4 rats (D:1)
18 creatures vanquished.

Notes
Turn   | Place    | Note
-------+----------+-------------------------------------------
     0 | D:1      | BigDaddyOpFi the Armataur Fighter began the quest for the
                  | Orb.
     0 | D:1      | Reached XP level 1. HP: 19/19 MP: 1/1
    48 | D:1      | Found Veoliky's Book Emporium.
    70 | D:1      | Identified 3 scrolls of acquirement
    70 | D:1      | Acquired 589 gold pieces
    72 | D:1      | Acquired the ring of the Tempest {rCorr MP+9 Str+9 Int-4}
    75 | D:1      | Acquired a manual of Shields
   298 | D:1      | Reached XP level 2. HP: 26/26 MP: 2/2
   625 | D:2      | Reached XP level 3. HP: 33/33 MP: 3/3
   633 | D:2      | Upgraded the game from 0.30-a0-799-g109b55a442 to
                  | 0.30-a0-800-g7c544603b3
   683 | D:$      | Got out of the dungeon alive.

Illustrated notes

Levels and vault maps discovered:
D:1:      heliophobic_arrival_henge, layout_rooms, serial_shops, shop_statue
D:2:      layout_basic, serial_shops, nicolae_lakefront_shop,
          ebering_ecumenical_altar_ruins

Skill      XL: |  1  2 |
---------------+-------+-----
Armour         | 4 |  4.0
Fighting       | 3 |  3.0
Axes           | 2 |  2.0
Shields        | 4 |  4.0

Action                     || total
---------------------------++-------
  Melee: War axe           ||    38
         Tailslap          ||     2
    Use: Scroll            ||     3
 Armour: Scale mail        ||    21
  Dodge: Dodged            ||    13
  Block: Buckler           ||    10

Table legend: (Time is in decaauts)
 A = Elapsed time spent in this place.
 B = Non-inter-level travel time spent in this place.
 C = Inter-level travel time spent in this place.
 D = Time resting spent in this place.
 E = Time spent auto-exploring this place.
 F = Levels seen in this place.
 G = Mean time per level.
                   A        B        C        D        E       F      G
               +--------+--------+--------+--------+--------+-----+--------+
         Total |    700 |    650 |     50 |      0 |    504 |   2 |  350.0 |
       Dungeon |    700 |    650 |     50 |      0 |    504 |   2 |  350.0 |
               +--------+--------+--------+--------+--------+-----+--------+

Top non-repeatable levels by time:
     D:1: 595 daAuts
     D:2: 105 daAuts
